 Dungeon Crawl Stone Soup version 0.29.0-7-g18a832c13a (webtiles) character file.

Game seed: 13074607124887151732

35 Arum the Firebug (level 3, -1/24 HPs)
             Began as a Demonspawn Fire Elementalist on Aug 30, 2022.
             Slain by an orc wizard
             ... wielding a +0 dagger
              (3 damage)
             ... on level 4 of the Dungeon.
             The game lasted 00:03:45 (1854 turns).

Arum the Firebug (Demonspawn Fire Elementalist)     Turns: 1854, Time: 00:03:46

Health: -1/24      AC:  2    Str:  8    XL:     3   Next: 16%
Magic:  0/6        EV: 12    Int: 18    God:
Gold:   47         SH:  0    Dex: 13    Spells: 4/7 levels left

rFire   . . .      SeeInvis .   p - +0 short sword
rCold   . . .      Faith    .   (no shield)
rNeg    . . .      Spirit   .   a - +0 robe
rPois   .          Reflect  .   (no helmet)
rElec   .          Harm     .   (no cloak)
rCorr   .          Rampage  .   (no gloves)
Will    .....                   (no boots)
Stlth   ++........              (no amulet)
HPRegen 0.08/turn               (no ring)
MPRegen 0.10/turn               (no ring)

@: no status effects
A: demonic magic 1, demonic touch 1
a: no special abilities


You were on level 4 of the Dungeon.
You visited 1 branch of the dungeon, and saw 3 of its levels.

You collected 47 gold pieces.

Inventory:

Hand Weapons
 p - a +0 short sword (weapon)
Armour
 a - a +0 robe (worn)
Magical Staves
 n - a staff of poison
Jewellery
 d - an amulet of regeneration
Scrolls
 e - a scroll of teleportation {unknown}
 f - 3 scrolls of identify {unknown}
 g - a scroll of noise {unknown}
 h - a scroll of poison {unknown}
 i - a scroll of fear {unknown}
 j - a scroll of blinking {unknown}
 l - a scroll of enchant weapon {unknown}
Potions
 b - a potion of magic
 c - 2 potions of might {unknown}
 k - a potion of curing {unknown}
 m - a potion of ambrosia {unknown}
 o - a potion of heal wounds {unknown}


   Skills:
 - Level 1.7 Dodging
 - Level 1.7 Stealth
 + Level 2.5 Spellcasting
 + Level 1.9 Conjurations
 + Level 3.1 Fire Magic


You had 4 spell levels left.
You knew the following spells:

 Your Spells              Type           Power      Damage    Failure   Level
a - Foxfire               Conj/Fire      44%        2x1d6     6%          1
b - Scorch                Fire           26%        2d6       7%          2

Your spell library contained the following spells:

 Spells                   Type           Power      Damage    Failure   Level
 Conjure Flame            Conj/Fire      11%        6-21      19%         3
 Inner Flame              Hex/Fire       8%         N/A       26%         3
 Flame Wave               Conj/Fire      11%        2d6       52%         4


Dungeon Overview and Level Annotations

Branches:
Dungeon (2/15)

Altars:


Innate Abilities, Weirdness & Mutations

Spells you cast may paralyse adjacent enemies.
Your touch may inflict minor irresistible damage on your foes.


Message History

Unknown command.
Really attack while wielding nothing? [Y]es or [N]o only, please.
Really attack while wielding nothing? [Y]es or [N]o only, please.
Really attack while wielding nothing?
Okay, then.
The orc moves out of view.
Things that are here:
a +0 short sword; a +0 leather armour
p - a +0 short sword
p - a +0 short sword (weapon)
The orc wizard is no longer paralysed.
The orc wizard hits you with a +0 dagger.
You hit the orc wizard.
The orc wizard is moderately wounded.
The orc wizard closely misses you.
You hit the orc wizard but do no damage.
The orc wizard is moderately wounded.
The orc wizard hits you with a +0 dagger.
* * * LOW HITPOINT WARNING * * *
Casting: Scorch (safe; 7% risk of failure)
Confirm with . or Enter, or press ? or * to list all spells.
Flames lash the orc wizard.
The orc wizard is severely wounded.
The orc wizard's fire resistance burns away.
Malevolent energies surge around you.
You hear a shout!
The orc wizard points at you and mumbles some strange words.
The magic dart hits you.
* * * LOW HITPOINT WARNING * * *
An endoplasm comes into view.
You see here 4 large rocks.
Press: ? - help, v - describe, . - travel
Here: an orc wizard, wielding a +0 dagger and wearing a +0 robe (severely wounded, more vulnerable to fire)
The floor.
Unknown command.
The orc wizard attacks as you move away!
The orc wizard hits you with a +0 dagger.
You die...

#.# #.#$#.# #.#
#.#.#.# # #.#
#^#.#.# . #.#
#.#.#.# .# #.#
#.#.#.###J# #.#
#.#.......### #.#
#..)#.)......
##.######.[..o.....
#........@oo.#####
############.# ...
####


You could see an orc wizard (combustible), 2 orcs and an endoplasm (wandering).

Vanquished Creatures
  A worm (D:2)
  3 orcs (D:4)
  2 bats
  2 endoplasms (D:1)
  3 giant cockroaches
  2 goblins (D:2)
  3 jackals (D:1)
  A quokka (D:2)
  A frilled lizard (D:2)
  5 kobolds
  2 rats (D:1)
25 creatures vanquished.

Vanquished Creatures (others)
  64 foxfires
64 creatures vanquished.

Grand Total: 89 creatures vanquished

Notes
Turn   | Place    | Note
-------+----------+-------------------------------------------
     0 | D:1      | Arum the Demonspawn Fire Elementalist began the quest for
                  | the Orb.
     0 | D:1      | Reached XP level 1. HP: 13/13 MP: 3/3
   317 | D:1      | Gained mutation: Your touch may inflict minor irresistible
                  | damage on your foes. [demonic ancestry]
   317 | D:1      | Reached XP level 2. HP: 19/19 MP: 1/5
   371 | D:1      | Found a faded altar of an unknown god.
   734 | D:1      | Reached skill level 3 in Fire Magic
  1082 | D:2      | Learned a level 2 spell: Scorch
  1703 | D:2      | Gained mutation: Spells you cast may paralyse adjacent
                  | enemies. [demonic ancestry]
  1703 | D:2      | Reached XP level 3. HP: 24/24 MP: 4/6
  1781 | D:2      | You fall into a shaft and drop 2 floors!
  1854 | D:4      | Slain by an orc wizard

Illustrated notes

Levels and vault maps discovered:
D:1:      dpeg_arrival_triangle_fractal, layout_rooms, serial_co_window_serial,
          co_window_paths_b, co_window_corner_a, co_window_paths_a,
          co_window_of_opportunity_a, co_window_paths_a, co_window_corner_ca,
          co_window_of_opportunity_b, co_window_broadway_b, co_window_corner_b,
          hellmonk_ecumenical_altar_dog_temple
D:2:      layout_basic
D:4:      layout_basic, minmay_temple_entry_gardened_gates

Skill      XL: |  1  2 |
---------------+-------+-----
Fire Magic     | 3 |  3.1
Dodging        | |  1.7
Stealth        | |  1.7
Spellcasting   | |  2.5
Conjurations   | |  1.9

Action                   || total
-------------------------++-------
Melee: Unarmed           ||     1
       Short sword       ||     2
 Cast: Foxfire           ||    36
       Scorch            ||     8
Armor: Robe              ||     1
Dodge: Dodged            ||     6
